 Dungeon Crawl Stone Soup version 0.22-a0-305-gd21a89c (webtiles) character file.

826 mortelune the Scholar of Death (level 7, 0/64 HPs)
             Began as a Deep Dwarf Necromancer on Mar 31, 2018.
             Was a Follower of Kikubaaqudgha.
             Slain by a mummy (14 damage)
             ... in an ossuary.
             The game lasted 00:18:13 (6055 turns).

mortelune the Scholar of Death (DDNe)               Turns: 6055, Time: 00:18:13

Health: 0/64       AC:  4    Str: 11    XL:     7   Next: 64%
Magic:  13/13      EV: 12    Int: 18    God:    Kikubaaqudgha [*.....]
Gold:   172        SH:  0    Dex: 13    Spells: 5/14 levels left

rFire    . . .     SeeInvis .   i - +0 great sword
rCold    . . .     Gourm    .   (shield currently unavailable)
rNeg     . . .     Faith    .   a - +0 robe
rPois    .         Spirit   .   p - +0 helmet
rElec    .         Reflect  .   (no cloak)
rCorr    .         Harm     .   (no gloves)
MR       +....                  j - +0 pair of boots
Stlth    ++........             (no amulet)
HPRegen  0.00/turn              h - ring of wizardry
MPRegen  0.13/turn              (no ring)

@: non-regenerating
A: damage resistance, heal wounds, sense surroundings 1, no regeneration
a: Heal Wounds, Receive Corpses, Renounce Religion


You were in an ossuary.
You worshipped Kikubaaqudgha.
Kikubaaqudgha was aware of your devotion.
You were very hungry.

You visited 2 branches of the dungeon, and saw 6 of its levels.
You also visited: Ossuary.

You collected 172 gold pieces.

Inventory:

Hand Weapons
 d - a +0 club
 i - a +0 great sword (weapon)
 y - a +2 dagger of pain
Armour
 a - a +0 robe (worn)
 j - a +0 pair of boots (worn)
 p - a +0 helmet (worn)
Jewellery
 h - a ring of wizardry (left hand)
 w - a +5 amulet of reflection {unknown}
Scrolls
 b - a scroll of fog {unknown}
 f - a scroll of remove curse
 n - 2 scrolls of teleportation
 o - a scroll of enchant armour {unknown}
 q - a scroll of random uselessness {unknown}
 r - a scroll of amnesia {unknown}
 s - a scroll of identify
 u - a scroll of enchant weapon {unknown}
Potions
 e - a potion of cancellation
 g - 5 potions of curing
 k - a potion of flight {unknown}
 l - 3 potions of agility
 m - a potion of brilliance {unknown}
 t - a potion of heal wounds {unknown}
 v - a potion of might {unknown}
 x - a potion of degeneration {unknown}
Comestibles
 c - 7 rations


   Skills:
 + Level 4.3 Fighting
 - Level 2.1 Dodging
 - Level 2.4 Stealth
 + Level 4.4 Spellcasting
 + Level 7.0 Necromancy


You had 5 spell levels left.
You knew the following spells:

 Your Spells              Type           Power        Failure   Level  Hunger
a - Pain                  Necr           ####         1%          1    None
b - Animate Skeleton      Necr           N/A          1%          1    None
c - Vampiric Draining     Necr           ####......   1%          3    ###....
d - Animate Dead          Necr           N/A          3%          4    ####...


Dungeon Overview and Level Annotations

Branches:
Dungeon (5/15)             Temple (1/1) D:4

Altars:
Cheibriados
Dithmenos
Fedhas
Gozag
Kikubaaqudgha
Makhleb
Nemelex Xobeh
Okawaru
Ru
Sif Muna
Trog
Uskayaw
Vehumet
Wu Jian
Xom
Yredelemnul
Zin

Shops:
D:4 (

Annotations:
D:5 exclusion: oklob plant, Eustachio, Menkaure


Innate Abilities, Weirdness & Mutations

You are resistant to damage.
You can heal yourself by infusing magical energy.
You passively map a small area around you.
You do not regenerate.


Message History

Your hound zombie bites the mummy but does no damage.
The mummy barely misses you.
You riposte.
You barely miss the mummy.
The mummy is almost destroyed.
Your iguana zombie bites the mummy!
The mummy is destroyed!
Kikubaaqudgha accepts your kill.
Your quokka zombie bites the mummy.
Your hound zombie bites the mummy.
The mummy is destroyed!
Kikubaaqudgha accepts your kill.
You start resting.
Magic restored.
You swap places.
A mummy comes into view.
A mummy comes into view.
You swap places.
The mummy completely misses your quokka zombie.
The mummy hits you!
You die...
Kikubaaqudgha rasps: "You have failed me!
Welcome... death!"

#.... #### .M..#*
..... ##..## .....
.....##....##.....
.....M............
#................#*
#..............#*
*#...ZM...# *
#...Z@.# ,##.ZZ.##
* , ,#..Z.# , ,
#....# , * , #....#
,, , , #....#, , ,
,#....#, , , ,
#....#*, * #....#


You could see 3 mummies, an orc zombie, a friendly iguana zombie, a friendly
quokka zombie, a friendly hound zombie and a friendly worker ant zombie.

Vanquished Creatures
  A centaur (D:5)
  2 ogres (D:4)
  A scorpion (D:4)
  A howler monkey (D:4)
  3 orc wizards
  An iguana (D:4)
  3 worker ants (D:4)
  2 hound skeletons (D:4)
  A mummy (Ossuary)
  A worker ant zombie (D:5)
  A howler monkey skeleton (D:4)
  8 adders
  3 oozes
  3 worms
  3 dart slugs
  3 leopard geckos
  11 orcs
  4 bats
  4 giant cockroaches
  2 gnoll zombies (Ossuary)
  8 goblins
  9 hobgoblins
  3 jackals (D:4)
  3 quokkas
  4 frilled lizards
  A hobgoblin zombie (Ossuary)
  A jackal skeleton (D:5)
  10 kobolds
  3 kobold zombies (Ossuary)
  A leopard gecko skeleton (D:4)
  An orc zombie (Ossuary)
  6 rats
108 creatures vanquished.

Vanquished Creatures (collateral kills)
  A phantom (D:4)
  2 mummies (Ossuary)
  3 orcs
  A frilled lizard (D:4)
7 creatures vanquished.

Grand Total: 115 creatures vanquished

Notes
Turn   | Place    | Note
-------+----------+-------------------------------------------
     0 | D:1      | mortelune the Deep Dwarf Necromancer began the quest for the Orb.
     0 | D:1      | Reached XP level 1. HP: 15/15 MP: 3/3
     2 | D:1      | Learned a level 1 spell: Animate Skeleton
   286 | D:1      | Reached XP level 2. HP: 15/24 MP: 1/5
   467 | D:1      | Reached skill level 1 in Fighting
   923 | D:1      | Reached XP level 3. HP: 16/31 MP: 2/6
   928 | D:1      | Learned a level 3 spell: Vampiric Draining
  1759 | D:2      | Reached skill level 5 in Necromancy
  1799 | D:2      | Reached XP level 4. HP: 13/39 MP: 0/7
  3278 | D:3      | Reached XP level 5. HP: 37/45 MP: 2/9
  3284 | D:3      | Learned a level 4 spell: Animate Dead
  3519 | D:4      | Noticed a phantom
  3583 | D:4      | Killed a phantom
  3867 | D:4      | Noticed an ogre
  3916 | D:4      | Found a staircase to the Ecumenical Temple.
  3944 | Temple   | Entered the Ecumenical Temple
  4086 | Temple   | Became a worshipper of Kikubaaqudgha
  4138 | D:4      | Reached XP level 6. HP: 35/55 MP: 3/10
  4210 | D:4      | Reached skill level 6 in Necromancy
  4530 | D:4      | Found Onuulial's Weapon Shoppe.
  5027 | D:4      | Reached XP level 7. HP: 52/63 MP: 3/12
  5456 | D:5      | Entered Level 5 of the Dungeon
  5482 | D:5      | Noticed Menkaure
  5668 | D:5      | Noticed Eustachio
  5735 | D:5      | Found a blossoming altar of Fedhas.
  5747 | D:5      | Noticed an oklob plant
  5861 | D:5      | Reached skill level 7 in Necromancy
  5921 | D:5      | Found a sand-covered staircase.
  5927 | Ossuary  | Entered an ossuary
  5953 | Ossuary  | Reached * piety under Kikubaaqudgha
  5953 | Ossuary  | Identified Kikubaaqudgha's Incunabulum of Black Rituals (Kikubaaqudgha gifted it to you in an ossuary)
  5953 | Ossuary  | Received a gift from Kikubaaqudgha
  6055 | Ossuary  | Slain by a mummy

Vault maps used:
D:1:      dpeg_arrival_tiny_d
D:2:      grunt_decor_fettered
D:3:      wad_orctagon
D:4:      minmay_temple_entry_statues_pillars, first_ration, serial_shops, shop
D:5:      tgw_fedhas, nicolae_ossuary_entry_plus, uniq_menkaure, uniq_eustachio
Temple:   regret_index_temple_sphere_string
Ossuary:  ossuary_tomb_3

Skill      XL: |  1  2  3  4  5  6  7 |
---------------+----------------------+-----
Spellcasting   | 2 3 4 |  4.4
Fighting       | 1 2 3 4 |  4.3
Necromancy     | 5 6 7 |  7.0
Dodging        | |  2.1
Stealth        | |  2.4

Action                   |  1- 3 |  4- 6 |  7- 9 || total
-------------------------+-------+-------+-------++-------
Melee: Unarmed           |    13 |       |       ||    13
       Mace              |     4 |       |       ||     4
       Great sword       |    13 |    29 |    37 ||    79
       Club              |     9 |       |       ||     9
       Dagger            |       |       |     4 ||     4
 Cast: Pain              |    54 |    59 |     7 ||   120
       Animate Skeleton  |     2 |     5 |     2 ||     9
       Vampiric Draining |     8 |    27 |    11 ||    46
       Animate Dead      |       |     4 |     5 ||     9
Invok: Receive Corpses   |       |       |     1 ||     1
 Abil: Heal Wounds       |       |       |     1 ||     1
  Use: Scroll            |     1 |     3 |     1 ||     5
  Eat: Chunk             |     4 |    13 |     5 ||    22
Armor: Robe              |    11 |    10 |    17 ||    38
Dodge: Dodged            |    50 |    41 |    57 ||   148
       Rpst.: Great sword |     6 |    15 |    16 ||    37

Table legend:
 A = Spawn XP
 B = Non-spawn XP
 C = Spawn XP percentage of total XP
 D = Spawn monster count
 E = Non-spawn monster count
 F = Spawn count percentage of total count
 G = Total turns spent on level
                    A         B        C        D         E        F      G
               +---------+---------+-------+---------+---------+-------+---------
         Total |       0 |    1181 |   0.0 |       0 |     115 |   0.0 |  6055
               +---------+---------+-------+---------+---------+-------+---------
           D:1 |       0 |      48 |   0.0 |       0 |      23 |   0.0 |  1243
           D:2 |       0 |      69 |   0.0 |       0 |      24 |   0.0 |  1082
           D:3 |       0 |      89 |   0.0 |       0 |      17 |   0.0 |  1076
           D:4 |       0 |     692 |   0.0 |       0 |      27 |   0.0 |  1872
           D:5 |       0 |     231 |   0.0 |       0 |      14 |   0.0 |   471
       Ossuary |       0 |      52 |   0.0 |       0 |      10 |   0.0 |   128
               +---------+---------+-------+---------+---------+-------+---------
